 Dungeon Crawl Stone Soup version 0.27-a0-1378-gdefffd1ff6 (webtiles) character file.

Game seed: 1872837970654648310

573566 flotson the Spry (level 25, 206/206 HPs)
             Began as a Demonspawn Delver on June 22, 2021.
             Was an Initiate of Gozag.
             Quit the game on level 3 of the Depths on June 30, 2021.
             The game lasted 03:03:48 (71117 turns).

flotson the Spry (Demonspawn Delver)               Turns: 71117, Time: 03:03:49

Health: 206/206    AC: 43    Str: 39    XL:     25   Next: 71%
Magic:  20/20      EV: 24    Int: 17    God:    Gozag
Gold:   11809      SH: 24    Dex: 20    Spells: 24/24 levels left

rFire    x . .     SeeInvis +   a - +9 broad axe (vamp)
rCold    . . .     Faith    .   V - +0 tower shield of the Carpenter {rC- Int+5 Slay+4}
rNeg     + + .     Spirit   +   p - +10 shadow dragon scales
rPois    .         Reflect  .   (helmet unavailable)
rElec    +         Harm     .   L - +2 cloak of the Kettle-Drum {Str+9}
rCorr    .         Rampage  .   l - +2 pair of gloves {Stlth+}
Will     ++...                  Q - +2 pair of boots of Polish {rN++ Regen+}
Stlth    +++++++++.             t - amulet of guardian spirit
HPRegen  1.44/turn              O - ring "Orghih Ymn" {rElec rF- Will+ Dex+6}
MPRegen  0.17/turn              T - ring "Qogo" {EV+4 Str+9 Int-2 Stlth+}

@: studying 2 skills
A: antennae 3, icy blue scales 3, ignite blood 3, spiny 3, corrupting presence
1, clumsy 1, deterioration 1, low mp 1
}: 3/15 runes: barnacled, silver, gossamer
a: Renounce Religion, Potion Petition, Call Merchant, Bribe Branch


You were on level 3 of the Depths.
You worshipped Gozag.
Gozag was extremely pleased with you.
You visited 9 branches of the dungeon, and saw 43 of its levels.
You visited the Abyss 3 times.
You also visited: Bailey.

You collected 26632 gold pieces.
You spent 11476 gold pieces at shops.
You paid 3347 gold pieces to Gozag.

Inventory:

Hand Weapons
 a - a +9 vampiric broad axe (weapon)
 b - the +12 hand crossbow of Dithmenos {elec, Str+5 Int+3}
   (You found it on level 1 of the Depths)

   It charges the ammunition it shoots with electricity; occasionally upon a
   hit, such missiles may discharge and cause terrible harm.
   Str:       It affects your strength (+5).
   Int:       It affects your intelligence (+3).
 c - the +5 hand crossbow "Quampot" {penet, rPois Int+4 Stlth+}
   (You bought it in a shop on level 2 of the Orcish Mines)

   Ammo fired by it passes through the targets it hits, potentially hitting all
   targets in its path until it reaches maximum range.
   Int:       It affects your intelligence (+4).
   rPois:     It protects you from poison.
   Stlth:     It makes you more stealthy.
Missiles
 f - 5 boomerangs of dispersal
 y - 7 curare-tipped darts (quivered)
 B - 1369 bolts
 M - 8 throwing nets
 Z - 11 silver javelins
Armour
 l - a +2 pair of gloves of stealth (worn)
 p - +10 shadow dragon scales (worn)
 L - the +2 cloak of the Kettle-Drum (worn) {Str+9}
   (You bought it in a shop on level 3 of the Elven Halls)

   Str:       It affects your strength (+9).
 Q - the +2 pair of boots of Polish (worn) {rN++ Regen+}
   (You found it on level 13 of the Dungeon)

   rN:        It greatly protects you from negative energy.
   Regen:     It increases your rate of health regeneration.
 V - the +0 tower shield of the Carpenter (worn) {rC- Int+5 Slay+4}
   (You acquired it on level 2 of the Shoals)

   Int:       It affects your intelligence (+5).
   Slay:      It affects your accuracy & damage with ranged weapons and melee
   (+4).
   rC:        It makes you vulnerable to cold.
Jewellery
 i - a ring of protection from fire
 t - an amulet of guardian spirit (around neck)
 K - a ring of protection from cold
 O - the ring "Orghih Ymn" (left hand) {rElec rF- Will+ Dex+6}
   (You found it on level 3 of the Shoals)

   [ring of dexterity]

   Dex:       It affects your dexterity (+6).
   rF:        It makes you vulnerable to fire.
   rElec:     It insulates you from electricity.
   Will:      It increases your willpower.
 T - the ring "Qogo" (right hand) {EV+4 Str+9 Int-2 Stlth+}
   (You bought it in a shop on level 1 of the Orcish Mines)

   [ring of evasion]

   EV:        It affects your evasion (+4).
   Str:       It affects your strength (+9).
   Int:       It affects your intelligence (-2).
   Stlth:     It makes you more stealthy.
Wands
 g - a wand of digging (14)
 m - a wand of mindburst (42)
 v - a wand of paralysis (42)
 A - a wand of acid (40)
 F - a wand of charming (45)
 R - a wand of iceblast (51)
Scrolls
 d - 4 scrolls of torment
 h - 4 scrolls of summoning
 j - a scroll of fear
 k - 3 scrolls of holy word
 n - 21 scrolls of teleportation
 o - 8 scrolls of blinking
 s - 6 scrolls of silence
 w - 5 scrolls of magic mapping
 x - 4 scrolls of vulnerability
 C - 5 scrolls of immolation
 G - 10 scrolls of fog
Potions
 e - 7 potions of heal wounds
 r - 5 potions of invisibility
 u - 8 potions of ambrosia
 E - 7 potions of haste
 H - 10 potions of flight
 I - 6 potions of lignification
 N - 4 potions of attraction
 P - 4 potions of resistance
 S - 16 potions of curing
 W - a potion of cancellation
 X - 12 potions of might
 Y - 6 potions of berserk rage
Miscellaneous
 q - a box of beasts
 z - a lightning rod (4/4)
 D - a phantom mirror
 J - a phial of floods
 U - a tin of tremorstones (2/2)


   Skills:
 + Level 18.7 Fighting
 - Level 18.0 Axes
 - Level 10.0 Crossbows
 - Level 9.0 Throwing
 + Level 17.3 Armour
 + Level 18.8 Dodging
 + Level 14.3 Stealth
 - Level 15.0 Shields
 - Level 16.0 Evocations


You had 24 spell levels left.
You didn't know any spells.
Your spell library contained the following spells:

 Spells                   Type           Power      Damage    Failure   Level
 Animate Skeleton         Necr           0%         N/A       89%         1
 Apportation              Tloc           0%         N/A       89%         1
 Beastly Appendage        Tmut           0%         N/A       89%         1
 Corona                   Hex            0%         N/A       89%         1
 Foxfire                  Conj/Fire      0%         2x1d4     89%         1
 Freeze                   Ice            0%         1d3       89%         1
 Magic Dart               Conj           0%         1d3       89%         1
 Sandblast                Erth           0%         2d4       89%         1
 Shock                    Conj/Air       0%         1d3       89%         1
 Sting                    Tmut/Pois      0%         1d3       89%         1
 Summon Small Mammal      Summ           0%         N/A       89%         1
 Blink                    Tloc           N/A        N/A       96%         2
 Call Imp                 Summ           0%         N/A       96%         2
 Ensorcelled Hibernation  Hex/Ice        0%         N/A       96%         2
 Passwall                 Tmut/Erth      0%         N/A       96%         2
 Poisonous Vapours        Pois/Air       0%         N/A       96%         2
 Searing Ray              Conj           0%         3d3       96%         2
 Slow                     Hex            0%         N/A       96%         2
 Static Discharge         Conj/Air       0%         N/A       96%         2
 Wereblood                Tmut           0%         N/A       96%         2
 Call Canine Familiar     Summ           0%         N/A       99%         3
 Confusing Touch          Hex            0%         N/A       99%         3
 Conjure Flame            Conj/Fire      0%         6-21      99%         3
 Dazzling Flash           Conj/Hex       0%         N/A       99%         3
 Frozen Ramparts          Ice            0%         1d2       99%         3
 Gell's Gravitas          Tloc           0%         N/A       99%         3
 Ignite Poison            Fire/Tmut/Pois 0%         N/A       99%         3
 Inner Flame              Hex/Fire       0%         N/A       99%         3
 Lesser Beckoning         Tloc           0%         N/A       99%         3
 Mephitic Cloud           Conj/Pois/Air  0%         N/A       99%         3
 Ozocubu's Armour         Ice            0%         N/A       99%         3
 Spider Form              Tmut/Pois      0%         N/A       99%         3
 Stone Arrow              Conj/Erth      0%         3d7       99%         3
 Summon Guardian Golem    Hex/Summ       0%         N/A       99%         3
 Swiftness                Air            0%         N/A       99%         3
 Teleport Other           Tloc           0%         N/A       99%         3
 Tukima's Dance           Hex            0%         N/A       99%         3
 Airstrike                Air            0%         N/A       100%        4
 Animate Armour           Summ/Erth      0%         N/A       100%        4
 Animate Dead             Necr           0%         N/A       100%        4
 Cause Fear               Hex            0%         N/A       100%        4
 Fulminant Prism          Conj/Hex       0%         3d6       100%        4
 Hailstorm                Conj/Ice       0%         3d3       100%        4
 Ice Form                 Ice/Tmut       0%         N/A       100%        4
 Iskenderun's Mystic Bla  Conj/Tloc      0%         2d3       100%        4
 Leda's Liquefaction      Hex/Erth       0%         N/A       100%        4
 Olgreb's Toxic Radiance  Pois           0%         N/A       100%        4
 Passage of Golubria      Tloc           N/A        N/A       100%        4
 Petrify                  Tmut/Erth      0%         N/A       100%        4
 Sticky Flame             Conj/Fire      0%         2d3       100%        4
 Summon Ice Beast         Ice/Summ       0%         N/A       100%        4
 Summon Lightning Spire   Summ/Air       0%         N/A       100%        4
 Alistair's Intoxication  Tmut/Pois      0%         N/A       100%        5
 Blade Hands              Tmut           0%         N/A       100%        5
 Bolt of Magma            Conj/Fire/Erth 0%         4d4       100%        5
 Borgnjor's Vile Clutch   Necr/Erth      0%         N/A       100%        5
 Fireball                 Conj/Fire      0%         3d3       100%        5
 Freezing Cloud           Conj/Ice/Air   0%         6-21      100%        5
 Irradiate                Conj/Tmut      0%         3d13      100%        5
 Lee's Rapid Deconstruct  Erth           0%         3d5*      100%        5
 Lightning Bolt           Conj/Air       0%         1d11      100%        5
 Manifold Assault         Tloc           0%         N/A       100%        5
 Metabolic Englaciation   Hex/Ice        0%         N/A       100%        5
 Silence                  Hex/Air        0%         N/A       100%        5
 Summon Forest            Summ/Tloc      0%         N/A       100%        5
 Yara's Violent Unravell  Hex/Tmut       0%         3d3       100%        5
 Conjure Ball Lightning   Conj/Air       0%         3x3d6     100%        6
 Death Channel            Necr           0%         N/A       100%        6
 Invisibility             Hex            0%         N/A       100%        6
 Iron Shot                Conj/Erth      0%         9d1       100%        6
 Simulacrum               Ice/Necr       0%         N/A       100%        6
 Statue Form              Tmut/Erth      0%         N/A       100%        6
 Dragon Form              Tmut           0%         N/A       100%        7
 Ozocubu's Refrigeration  Ice            0%         4d5       100%        7
 Storm Form               Tmut/Air       0%         N/A       100%        7
 Discord                  Hex            0%         N/A       100%        8
 Dragon's Call            Summ           0%         N/A       100%        9
 Shatter                  Erth           0%         3d5*      100%        9


Dungeon Overview and Level Annotations

Branches:
Dungeon (15/15)            Temple (1/1) D:7            Lair (6/6) D:8
 Shoals (4/4) Lair:3       Spider (4/4) Lair:4        Slime (0/5) Lair:5
    Orc (2/2) D:11            Elf (3/3) Orc:2        Vaults (5/5) D:14
  Crypt (0/3) Vaults:3     Depths (3/5) D:15         Bailey (visited)

Altars:
Ashenzari
Cheibriados
Dithmenos
Elyvilon
Fedhas
Gozag
Hepliaklqana
Kikubaaqudgha
Makhleb
Nemelex Xobeh
Okawaru
Qazlal
Ru
Sif Muna
Trog
Uskayaw
Vehumet
Wu Jian
Xom
Yredelemnul
Zin
The Shining One
Beogh
Jiyva

Shops:
D:3 [[   D:7 [   Orc:1 [[[*=   Orc:2 *?=(   Elf:3 =:*   Shoals:2 *   Vaults:2 ?

Portals:
Hell: Depths:1 Depths:2 Depths:3
Abyss: Depths:1 Depths:2
Pandemonium: Orc:2 Depths:3

Annotations:
D:15 Roxanne


Innate Abilities, Weirdness & Mutations

You have a pair of large antennae on your head. (SInv)
You are completely covered in icy blue scales. (AC +4, rC+)
Your demonic aura causes all spilled blood to erupt in flames.
You are completely covered in sharp spines.
Your presence sometimes corrodes those you injure.
You are clumsy. (Dex -2)
Your body sometimes deteriorates upon taking damage.
Your magical capacity is low. (-10% MP)


Message History

There is an open door, spattered with blood here.
Your pack is full.
You see here the amulet of Hossiziv {RegenMP Will+ Stlth+}.
Your pack is full.
You see here the amulet of Hossiziv {RegenMP Will+ Stlth+}.
Could not pick up an item here; shall I ignore it?
There is an open door here.
You enter the shallow water.
Moving in this stuff is going to be slow.
You enter the shallow water.
Moving in this stuff is going to be slow.
You enter the shallow water.
Moving in this stuff is going to be slow.
There is an open door here.
There is an open door here.
There is an open door here.
As you open the door, it creaks loudly!
There is an open door here.
You open the door.
Found a stone staircase leading up.
Found a stone staircase leading up.
There is an open door here.
C - 5 scrolls of immolation (gained 1) As you open the door, it creaks loudly!
There is an open door here.
You open the door.
There is an open door here.
There is an open door here.
As you open the door, it creaks loudly!
There is an open door here.
Done exploring.
Done exploring.
Options error: Full pregeneration is not allowed on this build of crawl. (~/.crawlrc:90) Welcome back, flotson the Demonspawn Delver.
Gozag says: Greed is good.
Press ? for a list of commands and other information.
Throw: 7 darts (curare)
Press: ? - help, Q - select action, (/) - cycle Shift-Dir - straight line, f - you
Okay, then.
Are you sure you want to abandon this character and quit the game? (Confirm with "yes".)

#..............................
#.......#####.......###.......#
###+#..##...##.....##.##.....##
##.'.##.....##....#...#....##.
#..#.#.......#....##.##....#..
#.##.#.......#.....#.#.....#..
#.##.#.......#.............#..
####.##.##......#....##'##....#..
......#..##.....@..###...###.....
##....#...#####..###.......###..#
#.##...........#'...........+#..
##'##.#.........#.....(...)...#..
....#.#.......:##.[..##'##....##.
....'..........#....'#.((#+....#.
....#.#..###..##...##([#..##...##
....#...##.##.#....#).[#...#....#
....###.#....))....')#####['....'


There were no monsters in sight!

Vanquished Creatures
  A dread lich (Vaults:4)
  An ancient lich (Vaults:5)
  Mara (Depths:2)
  Sojobo (Depths:2)
  A royal mummy (Depths:2)
  Saint Roka (Elf:2)
  Bai Suzhen (Shoals:4)
  Xtahua (Vaults:5)
  3 caustic shrikes (Depths:3)
  A bone dragon (Abyss:2)
  A profane servitor (Abyss:3)
  3 golden dragons
  The ghost of Gerad the Fencer, a veteran VSAK of Lugonu (Elf:2)
  A doom hound (Depths:1)
  4 hellephants
  Rupert (Lair:5)
  3 liches
  4 titans
  4 deep elf blademasters
  6 tentacled monstrosities
  3 tentacled starspawn
  A quicksilver dragon (Vaults:4)
  8 sphinxes
  A deep elf master archer (Depths:1)
  5 storm dragons
  3 krakens
  The ghost of Meemmurr the Covert, an adept GnDe of Okawaru (Shoals:3)
  Agnes (Spider:1)
  6 shadow dragons
  Kirke (Spider:1)
  Donald (Spider:4)
  12 tengu reavers
  Ilsuiw (Shoals:4)
  5 deep elf sorcerers (Elf:3)
  8 fire giants
  A fire giant (shapeshifter) (Vaults:5)
  An orc warlord (Bailey)
  5 ghost moths
  5 iron dragons
  3 frost giants
  13 vault wardens
  Aizul (Vaults:2)
  9 emperor scorpions
  5 spectral caustic shrikes (Depths:2)
  The ghost of atabob the Basher, a journeyman GnWn of Hepliaklqana (D:12)
  18 ironbound preservers
  4 deep elf elementalists (Elf:3)
  A juggernaut zombie (Depths:2)
  A war gargoyle (Vaults:5)
  3 reapers (Depths:1)
  13 stone giants
  24 very ugly things
  A vampire knight (Depths:2)
  12 deep elf annihilators
  8 spark wasps
  7 deep elf demonologists
  A dire elephant (D:15)
  4 entropy weavers
  6 merfolk javelineers
  7 ettins
  9 deep elf death magi
  7 deep elf high priests
  Josephine (D:14)
  A green death (Abyss:3)
  19 yaktaur captains
  4 fire dragons
  12 merfolk impalers
  31 vault guards
  12 hydras
  13 boulder beetles
  A hell beast (Depths:1)
  A hydra (shapeshifter) (D:13)
  5 great orbs of eyes
  3 ice dragons
  2 spriggan air magi (Depths:3)
  5 ironbound thunderhulks
  4 merfolk avatars
  13 centaur warriors
  2 ogre magi
  2 death knights
  2 merfolk aquamancers (Shoals:3)
  12 ironbound frosthearts
  5 satyrs
  10 two-headed ogres
  A two-headed ogre (shapeshifter) (Vaults:2)
  A deep troll shaman (Depths:3)
  3 alligator snapping turtles
  7 deep troll earth magi
  2 vampire magi (Vaults:3)
  6 hell hogs
  A tengu warrior (Depths:1)
  10 thrashing horrors
  Urug (Lair:6)
  A hell knight (Depths:1)
  6 ironbound beastmasters
  7 orc high priests
  A storm dragon zombie (Abyss:2)
  12 deep elf knights
  2 soul eaters (Depths:1)
  6 skeletal warriors
  7 iron trolls
  2 spark wasp zombies (Depths:2)
  A wretched star (Abyss:3)
  6 sun demons
  A death drake (Abyss:3)
  2 spatial maelstroms (Abyss:2)
  10 sea snakes
  A glowing orange brain (shapeshifter) (Depths:1)
  15 wizards
  11 deep elf archers
  An infernal demonspawn (Orc:2)
  A tengu zombie (Depths:2)
  A flayed ghost (D:13)
  2 torturous demonspawn (Orc:2)
  17 starcursed masses (Abyss:2)
  44 deep trolls
  3 phantasmal warriors
  15 lindwurms
  2 glowing orange brains
  2 necromancers
  A wolf spider zombie (Abyss:3)
  31 harpies
  30 deep elf pyromancers
  28 ironbound convokers
  6 orc knights
  50 ugly things
  2 fire giant zombies
  29 deep elf zephyrmancers
  2 frost giant zombies (Depths:2)
  5 oklob plants
  A faun (shapeshifter) (Vaults:5)
  A will-o-the-wisp (Abyss:3)
  15 manticores
  21 orb spiders
  34 wolf spiders
  A wolf spider (shapeshifter) (Vaults:4)
  A moth of wrath (Spider:3)
  A sphinx zombie (Depths:2)
  9 orc sorcerers
  26 fauns
  A worldbinder (Abyss:3)
  An iron dragon skeleton (Abyss:2)
  A shadow dragon skeleton (Abyss:3)
  8 merfolk sirens
  Joseph (D:10)
  7 cyclopes
  2 elephants (shapeshifter)
  3 elephants (Lair:5)
  3 rust devils
  A molten gargoyle (Lair:6)
  4 black mambas
  A naga mage (Abyss:3)
  An apocalypse crab (Abyss:3)
  A guardian serpent (Abyss:3)
  A stone giant skeleton (Vaults:2)
  4 water nymphs
  2 orange demons (Orc:2)
  3 ice statues (D:12)
  10 smoke demons
  22 vault sentinels
  4 torpor snails
  9 cane toads
  An elf zombie (Vaults:2)
  A yaktaur zombie (Vaults:2)
  4 unseen horrors
  4 rime drakes
  2 freezing wraiths
  37 yaktaurs
  An efreet (Abyss:3)
  15 komodo dragons
  3 guardian mummies (Depths:2)
  A tormentor (Abyss:2)
  2 ice devils
  2 hellwings (Abyss:3)
  4 tengu conjurers
  15 demonic crawlers
  7 trolls
  35 merfolk
  A troll (shapeshifter) (D:14)
  41 jumping spiders
  A polar bear (Lair:1)
  A meliai (shapeshifter) (D:13)
  An ancient zyme (Abyss:3)
  Grinder (D:5)
  7 wind drakes
  22 hornets
  11 slime creatures
  10 large abominations
  An ettin zombie (Depths:2)
  13 raiju
  A spriggan zombie (Depths:2)
  A meliai zombie (D:11)
  11 blink frogs
  11 dream sheep
  109 redbacks
  6 snapping turtles
  4 air elementals
  A shadow (D:11)
  41 tarantellas
  2 tarantellas (shapeshifter)
  A centaur simulacrum (D:13)
  5 ynoxinuls
  16 water elementals
  9 wraiths
  4 wyverns
  9 small abominations
  3 vampires
  7 basilisks
  A fire bat (Abyss:2)
  2 golden eyes (Abyss:3)
  A hog (Spider:1)
  28 yaks
  4 fire elementals
  A human (Spider:1)
  2 neqoxecs
  A steam dragon (D:10)
  3 wargs
  2 spatial vortices (Abyss:2)
  4 nagas (Abyss:3)
  3 acid dragons
  13 water moccasins
  Duvessa (D:5)
  3 hell hounds (Lair:6)
  10 ice beasts
  41 orc warriors
  4 sky beasts
  3 necrophages
  5 black bears
  10 ogres
  7 wolves
  8 centaurs
  2 phantoms
  A kobold brigand (D:11)
  A gnoll sergeant (D:12)
  9 bullfrogs
  2 wyvern zombies
  A scorpion (D:4)
  A cane toad simulacrum (Abyss:2)
  3 earth elementals
  Dowan (D:5)
  A ballistomycete (Lair:4)
  3 troll zombies (D:11)
  12 wights
  5 electric eels
  2 howler monkeys
  2 crimson imps (Abyss:2)
  A quasit (Abyss:3)
  A bullfrog zombie (D:5)
  4 lava snakes (Lair:6)
  3 hounds
  7 jellies
  35 orc priests
  Crazy Yiuf (D:3)
  2 bullfrog skeletons
  2 centaur skeletons
  17 orc wizards
  14 iguanas (Lair:1)
  6 hell rats (Lair:1)
  4 ogre zombies (D:11)
  A hound skeleton (D:5)
  2 howler monkey zombies
  6 mummies (Depths:2)
  5 gnolls
  6 adders
  2 white imps
  An ufetubus (Vaults:1)
  An adder zombie (D:5)
  6 worms
  An adder skeleton (D:4)
  A dart slug (D:4)
  93 orcs
  29 endoplasms
  4 giant cockroaches
  10 hobgoblins
  10 jackals
  4 quokkas
  2 ball pythons
  3 bats
  16 frilled lizards
  17 goblins
  2 goblin skeletons (D:11)
  4 goblin zombies (D:11)
  3 hobgoblin zombies (D:11)
  22 kobolds
  An orc skeleton (D:11)
  15 orc zombies (D:11)
  2 rats
  A fire vortex (Depths:2)
  A lurking horror (Abyss:2)
  4 starspawn tentacles
  10 tentacles
2092 creatures vanquished.

Vanquished Creatures (others)
  Nikola (Depths:3)
  A golden dragon (Depths:3)
  2 caustic shrikes (Depths:3)
  A lich (Depths:3)
  A sphinx (Depths:3)
  A tengu reaver (Depths:3)
  2 frost giants (Depths:3)
  An ironbound frostheart (Vaults:2)
  2 merfolk aquamancers
  24 dancing weapons
  An ironbound beastmaster (Vaults:2)
  A deep elf knight (Elf:2)
  2 deep trolls
  A flayed ghost (Depths:3)
  A wizard (Vaults:4)
  A deep elf pyromancer (Elf:1)
  A yaktaur (D:15)
  A merfolk (Shoals:3)
  2 tarantellas
  A fire bat (Abyss:3)
  A golden eye (Abyss:3)
  A human (Spider:1)
  An orc warrior (Orc:2)
  A centaur (D:10)
  An orc priest (Vaults:5)
  8 foxfires (Abyss:3)
  35 fungi
  186 plants
  6 starspawn tentacles
  14 tentacles
302 creatures vanquished.

Grand Total: 2394 creatures vanquished

Notes
Turn   | Place    | Note
-------+----------+-------------------------------------------
     0 | D:5      | flotson the Demonspawn Delver began the quest for the Orb.
     0 | D:5      | Reached XP level 1. HP: 18/18 MP: 1/1
    17 | D:5      | Reached skill level 1 in Armour
    17 | D:5      | Gained mutation: You have a pair of small antennae on your
                  | head. [demonic ancestry]
    17 | D:5      | Reached XP level 2. HP: 14/24 MP: 2/2
   150 | D:5      | Noticed Duvessa
   167 | D:5      | Gained mutation: You have a pair of antennae on your head.
                  | [demonic ancestry]
   167 | D:5      | Reached XP level 3. HP: 21/29 MP: 3/3
   355 | D:3      | Found Veatips's Armour Emporium.
   776 | D:2      | Reached XP level 4. HP: 3/35 MP: 4/4
  2107 | D:2      | Found a faded altar of an unknown god.
  2555 | D:3      | Found a runed translucent door.
  2556 | D:3      | Noticed Crazy Yiuf
  2638 | D:3      | Found Joigof's Antique Armour Shoppe.
  2740 | D:3      | Reached XP level 5. HP: 25/42 MP: 5/5
  3102 | D:4      | Noticed a black bear
  3134 | D:4      | Noticed an orc warrior
  3137 | D:4      | Reached skill level 1 in Throwing
  3299 | D:3      | Bought a +0 tower shield for 63 gold pieces
  3385 | D:4      | Killed a black bear
  3550 | D:4      | Gained mutation: You are partially covered in icy blue
                  | scales. (AC +2) [demonic ancestry]
  3550 | D:4      | Reached XP level 6. HP: 48/48 MP: 6/6
  3567 | D:3      | Reached skill level 1 in Shields
  4519 | D:4      | Reached XP level 7. HP: 23/54 MP: 7/7
  5226 | D:4      | You fall into a shaft and drop 3 floors!
  5272 | D:7      | Found Xaxkoiph's Antique Armour Boutique.
  6139 | D:4      | Reached skill level 1 in Evocations
  6139 | D:4      | Reached XP level 8. HP: 24/61 MP: 8/8
  6337 | D:5      | Noticed Dowan
  6444 | D:5      | Noticed Grinder
  6742 | D:5      | Paralysed by Grinder for 6 turns
  6755 | D:5      | Paralysed by Grinder for 4 turns
  6772 | D:5      | Paralysed by Grinder for 2 turns
  6775 | D:5      | Killed Grinder
  6776 | D:5      | Reached skill level 5 in Fighting
  7927 | D:5      | Killed Dowan
  8375 | D:5      | Killed Duvessa
  8685 | D:5      | Found a bloodstained altar of Trog.
  9436 | D:5      | Found a bloodstained altar of Trog.
  9594 | D:6      | You fall into a shaft and drop 3 floors!
  9603 | D:9      | Noticed a troll
  9865 | D:8      | Identified the +3 dagger of Puppor {venom, Drain rC+++
                  | Int-4 Dex+8}
 10129 | D:7      | Gained mutation: You are mostly covered in icy blue scales.
                  | (AC +3) [demonic ancestry]
 10129 | D:7      | Reached XP level 9. HP: 57/68 MP: 6/9
 10321 | D:7      | Found a staircase to the Ecumenical Temple.
 10344 | Temple   | Entered the Ecumenical Temple
 11622 | D:7      | Found a shimmering blue altar of Sif Muna.
 11622 | D:7      | Found an opulent altar of Gozag.
 11622 | D:7      | Found a stormy altar of Qazlal.
 11628 | D:7      | Reached skill level 5 in Axes
 11628 | D:7      | Reached skill level 5 in Dodging
 11635 | D:7      | Became a worshipper of Gozag Ym Sagoz the Greedy
 12002 | D:7      | Reached skill level 5 in Armour
 12339 | D:3      | Bought a pitted scale mail for 198 gold pieces
 12339 | D:3      | Identified the +2 scale mail of Datilib {rC+ Dex-2 SInv}
                  | (You bought it in a shop on level 3 of the Dungeon)
 12386 | D:3      | Killed Crazy Yiuf
 12540 | D:8      | Found a sacrificial altar of Ru.
 12841 | D:8      | Found an ornate altar of the Wu Jian Council.
 12968 | D:8      | Found a staircase to the Lair.
 13006 | D:8      | Gained mutation: You are completely covered in icy blue
                  | scales. (AC +4, rC+) [demonic ancestry]
 13006 | D:8      | Reached XP level 10. HP: 63/77 MP: 7/10
 13388 | D:9      | Noticed a two-headed ogre
 13562 | D:8      | Killed a two-headed ogre
 13563 | D:8      | Reached skill level 5 in Throwing
 13721 | D:8      | Reached skill level 5 in Shields
 13874 | D:3      | Bought a pair of runed gloves for 165 gold pieces
 14133 | D:9      | Noticed a two-headed ogre
 14145 | D:9      | Killed a two-headed ogre
 14356 | D:9      | Reached skill level 5 in Evocations
 15406 | D:10     | Entered Level 10 of the Dungeon
 15468 | D:10     | Noticed Joseph
 15498 | D:10     | Killed Joseph
 16453 | D:10     | Found a sparkling altar of Nemelex Xobeh.
 16623 | D:9      | Found a basalt altar of Yredelemnul.
 16640 | D:10     | Upgraded the game from 0.27-a0-1319-geec4fb4e21 to
                  | 0.27-a0-1332-g84bddb5ca7
 16717 | Lair:1   | Entered Level 1 of the Lair of Beasts
 16733 | Lair:1   | Reached XP level 11. HP: 66/84 MP: 8/11
 18309 | Lair:2   | Noticed a six-headed hydra
 18346 | Lair:1   | Killed a six-headed hydra
 19413 | Lair:2   | Noticed a four-headed hydra
 19428 | Lair:2   | Killed a four-headed hydra
 20595 | Lair:3   | Gained mutation: Your demonic aura sometimes causes spilled
                  | blood to erupt in flames. [demonic ancestry]
 20595 | Lair:3   | Reached XP level 12. HP: 76/93 MP: 10/12
 21145 | Lair:3   | Found a staircase to the Shoals.
 21994 | Lair:4   | Found a hole to the Spider Nest.
 22130 | Lair:4   | Noticed a four-headed hydra
 22137 | Lair:4   | Killed a four-headed hydra
 22652 | Lair:4   | Found a sparkling altar of Nemelex Xobeh.
 23948 | Lair:5   | Noticed Rupert
 23953 | Lair:5   | Paralysed by Rupert for 6 turns
 23962 | Lair:5   | Killed Rupert
 23996 | Lair:5   | Found a hide-covered altar of Uskayaw.
 24406 | Lair:5   | Found a viscous altar of Jiyva.
 24406 | Lair:5   | Found a staircase to the Slime Pits.
 24495 | Lair:5   | Noticed a boulder beetle
 24547 | Lair:5   | Killed a boulder beetle
 24888 | Lair:5   | Reached XP level 13. HP: 42/101 MP: 8/13
 25285 | Lair:6   | Entered Level 6 of the Lair of Beasts
 25285 | Lair:6   | Found a frozen archway.
 26096 | Lair:5   | Found a hide-covered altar of Uskayaw.
 26650 | D:3      | Bought runed shadow dragon scales for 1826 gold pieces
 26908 | D:3      | Bought a +1 kite shield of protection for 231 gold pieces
 28057 | Lair:5   | Found a viscous altar of Jiyva.
 28057 | Lair:5   | Found a staircase to the Slime Pits.
 28284 | Lair:6   | Noticed Urug
 28482 | Lair:6   | Killed Urug
 28539 | Lair:6   | Reached skill level 5 in Stealth
 29258 | Lair:6   | Noticed a fire dragon
 29259 | Lair:6   | Found a large runed translucent door.
 29623 | Lair:6   | Found a large runed translucent door.
 30288 | Lair:6   | Killed a fire dragon
 30289 | Lair:6   | Reached skill level 10 in Fighting
 30601 | D:11     | Found a flagged portal.
 30612 | Bailey   | Entered a bailey
 30661 | Bailey   | Noticed an orc warlord
 30789 | Bailey   | Found a runed translucent gate.
 30792 | Bailey   | Found a runed translucent gate.
 30794 | Bailey   | Found a runed translucent gate.
 30922 | Bailey   | Killed an orc warlord
 32154 | D:11     | Found a staircase to the Orcish Mines.
 32240 | D:11     | Gained mutation: You are partially covered in sharp spines.
                  | [demonic ancestry]
 32240 | D:11     | Reached XP level 14. HP: 110/110 MP: 14/14
 33455 | D:12     | Found a runed translucent gate.
 33455 | D:12     | Found a runed translucent gate.
 33456 | D:12     | Found a runed translucent gate.
 33458 | D:12     | Noticed atabob's ghost (journeyman GnWn)
 33829 | D:12     | Reached XP level 15. HP: 117/117 MP: 15/15
 34828 | D:12     | Killed atabob's ghost
 34852 | D:12     | Identified the +3 war axe "Viagel" {antimagic, rF++ Int+6}
 35729 | D:13     | Reached skill level 10 in Axes
 35857 | D:13     | Noticed a sphinx
 35865 | D:13     | Paralysed by a sphinx for 6 turns
 35873 | D:13     | Banished a sphinx
 36554 | D:13     | Upgraded the game from 0.27-a0-1332-g84bddb5ca7 to
                  | 0.27-a0-1334-g2746e35aca
 36590 | D:13     | Found a burning altar of Makhleb.
 36733 | D:13     | Identified the +2 pair of boots of Polish {rN++ Regen+}
 37145 | D:14     | Found a shadowy altar of Dithmenos.
 37145 | D:14     | Identified the +5 ring mail of Mumblety Peg {rPois}
 37249 | D:14     | Reached skill level 10 in Dodging
 37263 | D:14     | Identified 2 scrolls of acquirement
 37264 | D:14     | Acquired a +4 broad axe of freezing
 37265 | D:14     | Acquired a manual of Evocations
 37296 | D:14     | Noticed Josephine
 37309 | D:14     | Killed Josephine
 37452 | D:14     | Found a gate to the Vaults.
 37467 | D:14     | Reached skill level 10 in Armour
 37835 | D:14     | Gained mutation: You have a pair of large antennae on your
                  | head. (SInv) [demonic ancestry]
 37835 | D:14     | Reached XP level 16. HP: 125/125 MP: 16/16
 38074 | D:14     | Found a hide-covered altar of Uskayaw.
 38152 | D:15     | Entered Level 15 of the Dungeon
 38289 | D:15     | Acquired 620 gold pieces
 38347 | D:15     | Identified Roxanne's Reference Book on Earth
 38347 | D:15     | Noticed Roxanne
 38590 | D:15     | Found a staircase to the Depths.
 38917 | D:15     | Found a shimmering altar of Xom.
 39076 | D:15     | Reached skill level 10 in Shields
 39564 | Orc:1    | Entered Level 1 of the Orcish Mines
 39582 | Orc:1    | Paralysed by an ogre mage for 2 turns
 39721 | Orc:1    | Found Tisapoelo's Assorted Antiques.
 39730 | Orc:1    | Bought a shimmering kite shield for 304 gold pieces
 39730 | Orc:1    | Identified the +2 kite shield "Bouzudak" {rElec rPois rF-
                  | SInv} (You bought it in a shop on level 1 of the Orcish
                  | Mines)
 40260 | Orc:2    | Entered Level 2 of the Orcish Mines
 40407 | Orc:2    | Found Ekoyn's Magic Scroll Shop.
 40408 | Orc:2    | Found Ihoasese's General Store.
 40968 | Orc:2    | Found a staircase to the Elven Halls.
 41512 | Orc:2    | Reached skill level 10 in Evocations
 41579 | Orc:2    | Found Link's Jewellery Emporium.
 41579 | Orc:2    | Found Jero's Antique Weapon Shoppe.
 41580 | Orc:2    | Found a one-way gate leading to the halls of Pandemonium.
 41581 | Orc:2    | Paralysed by an orc sorcerer for 2 turns
 41794 | Orc:1    | Bought a masterwork chain mail for 332 gold pieces
 41794 | Orc:1    | Identified the +0 chain mail "Iloifuc" {rC+} (You bought it
                  | in a shop on level 1 of the Orcish Mines)
 41795 | Orc:1    | Bought a shimmering ring mail for 315 gold pieces
 41795 | Orc:1    | Identified the +0 ring mail of Carphap Tujo {rPois Dex+3}
                  | (You bought it in a shop on level 1 of the Orcish Mines)
 41795 | Orc:1    | Bought a glowing cloak for 262 gold pieces
 41795 | Orc:1    | Bought an ancient ring mail for 315 gold pieces
 41795 | Orc:1    | Identified the +5 ring mail of Nikuaf {Int+10 Stlth+} (You
                  | bought it in a shop on level 1 of the Orcish Mines)
 41795 | Orc:1    | Bought an embroidered cloak for 262 gold pieces
 41907 | Orc:2    | Bought a steaming hand crossbow for 306 gold pieces
 41907 | Orc:2    | Identified the +5 hand crossbow "Quampot" {penet, rPois
                  | Int+4 Stlth+} (You bought it in a shop on level 2 of the
                  | Orcish Mines)
 42924 | D:7      | Bought a heavily runed chain mail for 256 gold pieces
 42924 | D:7      | Identified the +0 chain mail of Somm {Rampage rC+} (You
                  | bought it in a shop on level 7 of the Dungeon)
 43018 | Orc:1    | Bought a pair of glowing boots for 202 gold pieces
 43018 | Orc:1    | Bought a glowing cloak for 202 gold pieces
 43018 | Orc:1    | Bought a glowing cloak for 202 gold pieces
 43084 | Orc:2    | Bought a scroll of enchant armour for 135 gold pieces
 43084 | Orc:2    | Bought a scroll of enchant weapon for 135 gold pieces
 43324 | Spider:1 | Entered Level 1 of the Spider Nest
 43349 | Spider:1 | Reached skill level 1 in Crossbows
 43358 | Spider:1 | Upgraded the game from 0.27-a0-1334-g2746e35aca to
                  | 0.27-a0-1359-ga2a4dfd6fd
 43565 | Spider:1 | Reached XP level 17. HP: 133/133 MP: 17/17
 43669 | Spider:1 | Noticed Agnes
 43819 | Spider:1 | Killed Agnes
 44296 | Spider:1 | Noticed Kirke
 44320 | Spider:1 | Killed Kirke
 44695 | Spider:2 | Identified the +9 falchion of Reutix {vorpal, rPois rN+
                  | Str+3}
 45703 | Spider:3 | Reached skill level 5 in Crossbows
 46535 | Spider:3 | Identified the +6 dagger "Zunkaude" {vorpal, rN+ Will+}
 46724 | Spider:4 | Entered Level 4 of the Spider Nest
 46724 | Spider:4 | Noticed Donald
 46739 | Spider:4 | Killed Donald
 46901 | Spider:4 | Reached XP level 18. HP: 141/141 MP: 18/18
 47832 | Spider:3 | Paralysed by a hornet for 1 turns
 48577 | Spider:4 | Got a gossamer rune of Zot
 48982 | Shoals:1 | Entered Level 1 of the Shoals
 50118 | Shoals:2 | Found Efapan's Assorted Antiques.
 50125 | Shoals:2 | Acquired the +0 tower shield of the Carpenter {rC- Int+5
                  | Slay+4}
 50198 | Shoals:2 | Bought a wand of acid (9) for 336 gold pieces
 50370 | Shoals:2 | Gained mutation: Your demonic aura often causes spilled
                  | blood to erupt in flames. [demonic ancestry]
 50370 | Shoals:2 | Reached XP level 19. HP: 149/149 MP: 19/19
 51176 | Shoals:3 | Found a transporter.
 51178 | Shoals:3 | Found a transporter.
 51179 | Shoals:3 | Noticed Meemmurr's ghost (adept GnDe)
 51306 | Shoals:3 | Killed Meemmurr's ghost
 51400 | Shoals:3 | Identified the ring "Orghih Ymn" {rElec rF- Will+ Dex+6}
 51599 | Shoals:4 | Entered Level 4 of the Shoals
 51800 | Shoals:4 | Noticed Ilsuiw
 51978 | Shoals:4 | Killed Ilsuiw
 52111 | Shoals:4 | Noticed Bai Suzhen
 52134 | Shoals:4 | Killed Bai Suzhen
 52710 | Shoals:4 | Got a barnacled rune of Zot
 53393 | Orc:1    | Bought a scroll of acquirement for 1664 gold pieces
 53393 | Orc:1    | Acquired a manual of Dodging
 53397 | Orc:1    | Bought the ring "Qogo" {EV+4 Str+9 Int-2 Stlth+} for 1149
                  | gold pieces
 53502 | Vaults:1 | Entered Level 1 of the Vaults
 53632 | Vaults:1 | Paralysed by a great orb of eyes for 6 turns
 53708 | Vaults:1 | Cast into level 3 of the Abyss (a deep elf demonologist)
 53771 | Abyss:3  | Noticed a hellephant
 53805 | Abyss:3  | Killed a hellephant
 54031 | Abyss:3  | Found an iron altar of Okawaru.
 54097 | Abyss:3  | Found an iron altar of Okawaru.
 54164 | Abyss:3  | Gained mutation: Your magical capacity is low. (-10% MP) [a
                  | neqoxec]
 54166 | Abyss:3  | Gained mutation: You are clumsy. (Dex -2) [a neqoxec]
 54322 | Vaults:1 | Escaped the Abyss
 54325 | Vaults:1 | Reached XP level 20. HP: 154/158 MP: 14/14
 54334 | Vaults:1 | Reached skill level 10 in Crossbows
 54562 | Vaults:1 | Reached skill level 15 in Axes
 55189 | Vaults:1 | You fall into a shaft and drop 1 floor!
 55209 | Vaults:2 | Noticed Aizul
 55220 | Vaults:2 | Killed Aizul
 55751 | Vaults:2 | Found Ikethol's Magic Scroll Shoppe.
 56790 | Vaults:2 | Reached skill level 15 in Evocations
 57153 | Elf:1    | Entered Level 1 of the Elven Halls
 57186 | Elf:1    | Gained mutation: You are mostly covered in sharp spines.
                  | [demonic ancestry]
 57186 | Elf:1    | Reached XP level 21. HP: 162/166 MP: 18/18
 57379 | Elf:1    | Paralysed by an air elemental for 1 turns
 57386 | Elf:1    | Paralysed by an air elemental for 1 turns
 57913 | Elf:1    | Got the Catalogue of Arcane Weapons and Companions
 58810 | Elf:2    | Found a shimmering blue altar of Sif Muna.
 58820 | Elf:2    | Found a runed translucent door.
 58827 | Elf:2    | Noticed Gerad's ghost (veteran VSAK)
 58942 | Elf:2    | Killed Gerad's ghost
 59065 | Elf:2    | Noticed Saint Roka
 59082 | Elf:2    | Killed Saint Roka
 59083 | Elf:2    | Found a runed translucent gate.
 59083 | Elf:2    | Found a runed translucent gate.
 59096 | Elf:2    | Found a runed translucent gate.
 59815 | Elf:3    | Entered Level 3 of the Elven Halls
 59849 | Elf:3    | Found Hikip's General Store.
 59856 | Elf:3    | Bought a scroll of silence for 105 gold pieces
 59856 | Elf:3    | Bought a potion of heal wounds for 70 gold pieces
 59856 | Elf:3    | Bought the +2 cloak of the Kettle-Drum {Str+9} for 565 gold
                  | pieces
 60033 | Elf:3    | Found Xudghud's Book Boutique.
 60033 | Elf:3    | Found Wisoug's Jewellery Shop.
 60041 | Elf:3    | Bought a manual of Axes for 1876 gold pieces
 60373 | Elf:3    | Cast into level 3 of the Abyss (a deep elf sorcerer)
 60490 | Abyss:3  | Noticed a profane servitor
 60508 | Abyss:3  | Killed a profane servitor
 60509 | Abyss:3  | Reached skill level 15 in Fighting
 60509 | Abyss:3  | Reached skill level 15 in Dodging
 60857 | Abyss:3  | Gained mutation: Your presence sometimes corrodes those you
                  | injure. [demonic ancestry]
 60857 | Abyss:3  | Reached XP level 22. HP: 165/175 MP: 19/19
 60875 | Elf:3    | Escaped the Abyss
 61159 | Elf:3    | Cast into level 2 of the Abyss (a deep elf sorcerer)
 61159 | Abyss:2  | Found a corrupted altar of Lugonu.
 61535 | Abyss:2  | Gained mutation: Your body sometimes deteriorates upon
                  | taking damage. [a neqoxec]
 61542 | Abyss:2  | Paralysed by accursed screaming for 1 turns
 61843 | Abyss:2  | Found a blossoming altar of Fedhas.
 61948 | Elf:3    | Escaped the Abyss
 62172 | Elf:3    | Identified the +8 hand crossbow "Waifiakh" {speed, Int+4}
 62191 | Elf:3    | Got the Collected Works on Supportive Changing
 62203 | Elf:3    | Got the Collected Works on Feathers
 63046 | Vaults:3 | Found a staircase to the Crypt.
 63623 | Vaults:3 | Identified the +11 scimitar "Beetlebane" {venom, Dex+3
                  | Stlth+}
 63906 | Vaults:4 | Reached XP level 23. HP: 183/183 MP: 20/20
 64367 | Vaults:4 | Reached skill level 10 in Stealth
 64730 | Vaults:4 | Identified the amulet "Hyshipneu" {RegenMP Contam rC++
                  | Will- Regen+}
 65023 | Vaults:5 | Entered Level 5 of the Vaults
 65039 | Vaults:5 | Reached skill level 15 in Armour
 65064 | Vaults:5 | Noticed a dread lich
 65112 | Vaults:5 | Reached skill level 15 in Shields
 65121 | Vaults:4 | Killed a dread lich
 65283 | Vaults:4 | Gained mutation: Your demonic aura causes all spilled blood
                  | to erupt in flames. [demonic ancestry]
 65283 | Vaults:4 | Reached XP level 24. HP: 177/193 MP: 13/20
 65457 | Vaults:5 | Noticed Xtahua
 65464 | Vaults:5 | Paralysed by Xtahua for 4 turns
 65470 | Vaults:5 | Killed Xtahua
 65545 | Vaults:5 | Noticed an ancient lich
 65557 | Vaults:5 | Killed an ancient lich
 66000 | Vaults:5 | Got a silver rune of Zot
 66272 | Vaults:5 | Identified the +10 plate armour "Baushroba" {Dex+4}
 66406 | Vaults:5 | Identified the +1 ring mail "Beppinipt" {Harm rPois Int-5
                  | Dex-2}
 66927 | Depths:1 | Entered Level 1 of the Depths
 66957 | Depths:1 | You fall into a shaft and drop 1 floor!
 66958 | Depths:2 | Noticed Mara
 66982 | Depths:2 | Noticed flotson's illusion
 66999 | Depths:2 | Killed Mara
 67214 | Depths:2 | Found a one-way gate to the infinite horrors of the Abyss.
 67214 | Depths:2 | Noticed Sojobo
 67222 | Depths:2 | Killed Sojobo
 68141 | Depths:1 | Identified the +3 longbow of the Dungeon {venom, Str+3}
 68321 | Depths:1 | Gained mutation: You are completely covered in sharp
                  | spines. [demonic ancestry]
 68321 | Depths:1 | Reached XP level 25. HP: 201/203 MP: 19/20
 68494 | Depths:1 | Found a gateway to Hell.
 68992 | Depths:1 | Identified the +12 hand crossbow of Dithmenos {elec, Str+5
                  | Int+3}
 68997 | Depths:1 | Identified the +2 demon whip of Gero {drain, Fly rElec
                  | rPois}
 69769 | Depths:2 | Noticed a royal mummy
 69777 | Depths:2 | Killed a royal mummy
 70100 | Depths:3 | Noticed Nikola
 70147 | Depths:3 | Killed Nikola
 70945 | Depths:3 | Identified the amulet of Hossiziv {RegenMP Will+ Stlth+}
 71117 | Depths:3 | Upgraded the game from 0.27-a0-1359-ga2a4dfd6fd to
                  | 0.27-a0-1378-gdefffd1ff6
 71117 | Depths:3 | Quit the game

Illustrated notes

Levels and vault maps discovered:
D:1:      dpeg_arrival_more_subterranean_lakeside_camping, layout_basic,
          minmay_tall_x
D:2:      layout_rooms, basic_ecumenical_altar
D:3:      layout_rooms, serial_shops, nicolae_shop_behind_doors,
          nicolae_shop_crystal, uniq_crazy_yiuf_cottage
D:4:      layout_loops_ring, roderic_serpentine_path, minmay_misc_feat_ornament,
          minmay_misc_feat_tiny
D:5:      layout_basic, lightli_temple_of_fire, minmay_misc_feat_secret_circle,
          minmay_fractal_squares_5, uniq_duvessa, uniq_grinder
D:6:      layout_rooms, grunt_decor_arrowhead
D:7:      layout_loops_ring, minitemple, minmay_temple_entry_nine_rooms,
          serial_shops, nicolae_shop_stone
D:8:      layout_basic, nicolae_ru_sacrificial_ziggurat,
          nzn_wu_jian_council_hall, david_lair_generic
D:9:      layout_basic, nicolae_overflow_hidden_temple, general_overflow_altar,
          grunt_ministairs_7
D:10:     layout_cave_pools, lemuel_round_altar, uniq_joseph
D:11:     layout_basic, zombieorc2_lemuel, enter_bailey_3,
          serial_co_window_serial, co_window_corner_a, co_window_cross_1,
          co_window_corner_a, co_window_corner_a, co_window_of_opportunity_a,
          co_window_corner_b, co_window_corner_cb, co_window_unsneaky_path_c,
          co_window_corner_b, co_window_of_opportunity_b, co_window_broadway_a,
          co_window_paths_d, glass_columns_b, glass_columns_a
D:12:     minmay_ice_pillars, layout_cave_pools, gammafunk_ghost_hydra_chop
D:13:     nzn_winding_woodlands_cross [nzn_winding_woodlands_5x15_zeroes,
          nzn_winding_woodlands_5x15_jagged, nzn_winding_woodlands_5x15_crooked,
          nzn_winding_woodlands_5x15_eye,
          nzn_winding_woodlands_15x15_thick_spiral], layout_cave_pools,
          hangedman_decor_opposing, bloody_makhleb
D:14:     layout_loops_ring, skrybe_vaults_entry_preservation,
          nicolae_uskayaw_suspiria, minivault_19,
          nicolae_dithmenos_the_darkroom, uniq_josephine
D:15:     hangedman_depths_entry_try_elsewhere_first, layout_basic,
          minmay_misc_feat_alley, xom_teletrap_fun, uniq_roxanne
Temple:   nicolae_temple_hex_pool
Lair:1:   lemuel_reptile_caves, layout_chaotic_city, serial_bayou_shore_b,
          lemuel_fruit_tree, serial_bayou_shore_a, infiniplex_staircase_pool
Lair:2:   layout_regular_city, grunt_megastairs_4
Lair:3:   layout_cave_pods, elwin_shoals_entry_rooms
Lair:4:   layout_gridlike, dummy_spider_entry, lemuel_oklob_altar,
          minmay_lair_oklob_chamber
Lair:5:   lemuel_slime, layout_gridlike, dpeg_slime_entry_enclosed_altar,
          basic_altar, uniq_rupert
Lair:6:   cheibrodos_lair_end_hotspot, layout_big_grid,
          portal_ice_cave_entry_pillars_1, uniq_urug
Shoals:1: layout_shoals, nicolae_shoals_lost_giant_temple,
          nicolae_shoals_cliffside_cave
Shoals:2: layout_shoals, serial_shops, nicolae_shop_waterfront
Shoals:3: nicolae_shoals_island_circles, layout_shoals,
          ebering_ghost_davey_jones, nicolae_shoals_kraken_intersection
Shoals:4: shoals_end_grunt_garden, layout_shoals, shoal_ilsuiw, uniq_bai_suzhen
Spider:1: layout_spider_delve, uniq_agnes, uniq_kirke
Spider:2: layout_spider_delve, drop_trap
Spider:3: layout_spider_delve, hellmonk_watch_for_rolling_rocks
Spider:4: guppyfry_spider_rune, hive_lemuel, uniq_donald
Orc:1:    layout_caves, serial_shops, nicolae_shop_statue_plus,
          minmay_orc_temple_c
Orc:2:    pf_orc_diabolical, layout_diamond_mine, basic_altar
Elf:1:    eino_elf_arrival_customs, layout_loops_corners, minmay_elf_sorcery,
          palyth_stone_intersect, st_stairs_7
Elf:2:    layout_gridlike, basic_altar, ebering_ghost_reflecting_pool,
          drop_trap, serial_sigils_hangedman_confine, uniq_saint_roka
Elf:3:    minmay_elf_hall_spiked, layout_gridlike, serial_shops, shop,
          minmay_shoptagon
Vaults:1: serial_ice_h, grunt_vaults_swirl, hangedman_vaults_hard_town_square,
          nicolae_vaults_ring_of_whatevers, v_pattern_4, v_misc_29,
          grunt_vaults_funnel, hangedman_vaults_hat, vaults_dpeg_hooks,
          vaults_mumra_chevron, hangedman_vaults_slice,
          ontoclasm_vaults_gateway, nicolae_vaults_little_squares_1,
          ontoclasm_vaults_idyll, layout_vaults_omnibox
Vaults:2: vaults_dpeg_doors, hangedman_vaults_nodes,
          nicolae_vaults_network_star, v_misc_9, st_octagons_1,
          vaults_mumra_hexcomb, v_misc_26, vaults_dpeg_cross,
          nicolae_vaults_ring_of_whatevers, ontoclasm_vaults_ligature,
          hangedman_vaults_maws, nicolae_vaults_asterisk,
          nicolae_vaults_little_squares_4, layout_vaults_big_cross,
          serial_shops, shop, uniq_aizul
Vaults:3: v_rooms_6, minmay_crypt_entry_simple_sparse,
          vaults_standard_mumra_enter_the_diamond,
          nicolae_vaults_mini_display_case, ontoclasm_vaults_ring_square,
          nicolae_vaults_little_squares_1, nicolae_vaults_alarming,
          hangedman_vaults_stream, hangedman_vaults_locks,
          nicolae_vaults_gold_heap, vaults_room_fancy_cross, vaults_mumra_lcd,
          nicolae_vaults_little_squares_1, layout_vaults_maze_snakey
Vaults:4: vaults_standard_mumra_enter_the_diamond, v_misc_24,
          hangedman_vaults_restitches, vaults_mumra_hex,
          nicolae_vaults_shelves_hall, nicolae_vaults_little_ls,
          nicolae_vaults_quartermaster, layout_vaults_omnigrid
Vaults:5: serial_shops, uniq_xtahua
Depths:1: layout_cave_shapes, hellmouth_2, abyss_entry, hangedman_decor_growths,
          beargit_elvish_explorers
Depths:2: lemuel_minitomb, layout_basic, abyss_entry,
          chequers_serial_rivers_micro_c, pf_hell_entry_tar_river,
          tso_metal_star, infiniplex_staircase_spiral_double, uniq_sojobo,
          uniq_mara
Depths:3: minmay_central_circle, layout_gridlike, rand_demon_pan_entry_8,
          serial_bayou_pond_c, hell_entry, minmay_microvault, uniq_nikola

Skill      XL: |  1  2  3  4  5  6  7  8  9 10 11 12 13 14 15 16 17 18 19 20 21 22 23 24 25 |
---------------+----------------------------------------------------------------------------+-----
Axes           | 2 3 4 5 6 7 8 9 10 12 13 14 15 17 18 | 18.0
Armour         | 1 2 3 4 5 6 7 8 9 10 11 12 13 14 15 16 17 | 17.3
Dodging        | 2 3 4 5 6 7 8 9 10 11 12 13 15 16 17 18 | 18.8
Throwing       | 1 2 3 4 5 6 7 8 9 |  9.0
Fighting       | 4 5 6 7 8 9 10 11 12 13 14 15 16 17 18 | 18.7
Shields        | 1 2 3 4 5 6 7 8 9 10 11 12 13 14 15 | 15.0
Evocations     | 1 2 4 5 6 7 8 10 11 12 13 15 16 | 16.0
Stealth        | 6 8 9 11 13 14 | 14.3
Crossbows      | 2 5 8 9 10 | 10.0

Action                   |  1- 3 |  4- 6 |  7- 9 | 10-12 | 13-15 | 16-18 | 19-21 | 22-24 | 25-27 || total
-------------------------+-------+-------+-------+-------+-------+-------+-------+-------+-------++-------
Melee: Hand axe          |    70 |   112 |   164 |       |       |       |       |       |       ||   346
       Battleaxe         |       |    48 |       |       |       |       |       |       |       ||    48
       Unarmed           |       |       |     3 |       |       |       |       |       |       ||     3
       Dagger            |       |       |   178 |       |       |       |       |       |       ||   178
       War axe           |       |       |   105 |   590 |   665 |       |       |       |       ||  1360
       Trident           |       |       |       |    20 |    14 |       |       |       |       ||    34
       Broad axe         |       |       |       |       |    84 |  2101 |  1129 |   867 |   165 ||  4346
 Fire: Hand crossbow     |       |       |       |       |       |   117 |   605 |   131 |   173 ||  1026
Throw: Javelin           |       |    13 |    47 |    29 |    43 |    10 |       |       |       ||   142
       Dart              |       |     3 |    25 |    11 |    15 |     5 |       |       |       ||    59
       Boomerang         |       |       |       |    12 |   146 |       |       |       |       ||   158
Invok: Call Merchant     |       |       |       |       |       |     3 |     1 |       |       ||     4
Evoke: Wand              |       |       |     3 |    21 |    22 |     9 |     3 |       |     1 ||    59
       Box of beasts     |       |       |       |       |       |       |     1 |       |       ||     1
  Use: Potion            |     2 |       |     4 |       |     5 |     3 |     5 |     1 |     1 ||    21
       Scroll            |       |       |     3 |    15 |    14 |    23 |     6 |     3 |       ||    64
 Stab: Sleeping          |     2 |    11 |     5 |     2 |    20 |    13 |    20 |    19 |     2 ||    94
       Paralysed         |       |       |    11 |    17 |     3 |       |       |       |       ||    31
       Invisible         |       |       |     3 |       |       |       |       |       |       ||     3
       Distracted        |       |       |       |     5 |     3 |    25 |     9 |    24 |     9 ||    75
       Held in net/web   |       |       |       |       |       |     1 |       |       |       ||     1
Armor: Leather armour    |    17 |    20 |    75 |       |       |       |       |       |       ||   112
       Ring mail         |       |    52 |    50 |    33 |    33 |   180 |       |       |       ||   348
       Skin              |       |       |     3 |       |       |       |       |       |       ||     3
       Scale mail        |       |       |    15 |   200 |       |       |       |       |       ||   215
       Shadow dragon sca |       |       |       |       |   381 |  1080 |   583 |   306 |    75 ||  2425
Dodge: Dodged            |    67 |   102 |   175 |   375 |   533 |  2025 |   758 |   435 |   121 ||  4591
Block: Tower shield      |       |    50 |   330 |   576 |    37 |   175 |  1590 |   915 |   237 ||  3910
       Kite shield       |       |       |       |       |   504 |  1887 |       |       |       ||  2391
       Reflection        |       |       |       |       |       |    44 |   106 |     1 |       ||   151

Table legend: (Time is in decaauts)
 A = Elapsed time spent in this place.
 B = Non-inter-level travel time spent in this place.
 C = Inter-level travel time spent in this place.
 D = Time resting spent in this place.
 E = Time spent auto-exploring this place.
 F = Levels seen in this place.
 G = Mean time per level.
                   A        B        C        D        E       F      G
               +--------+--------+--------+--------+--------+-----+--------+
         Total |  73121 |  66625 |   6496 |   2833 |  46069 |  47 | 1555.8 |
       Dungeon |  27655 |  23946 |   3709 |   1416 |  17496 |  15 | 1843.7 |
        Temple |    262 |    256 |      6 |      0 |    252 |   1 |  262.0 |
          Lair |  14243 |  12976 |   1267 |    909 |  10010 |   6 | 2373.8 |
        Shoals |   4604 |   4427 |    177 |    152 |   2255 |   4 | 1151.0 |
   Spider Nest |   5571 |   5419 |    152 |    160 |   3147 |   4 | 1392.8 |
  Orcish Mines |   2691 |   2256 |    435 |     64 |   1232 |   2 | 1345.5 |
   Elven Halls |   4249 |   4028 |    221 |     66 |   2573 |   3 | 1416.3 |
        Vaults |   7078 |   6687 |    391 |     66 |   4667 |   5 | 1415.6 |
        Depths |   4136 |   4001 |    135 |      0 |   3139 |   3 | 1378.7 |
         Abyss |   1934 |   1934 |      0 |      0 |    826 |   3 |  644.7 |
        Bailey |    692 |    692 |      0 |      0 |    469 |   1 |  692.0 |
               +--------+--------+--------+--------+--------+-----+--------+

Top non-repeatable levels by time:
     D:4: 3747 daAuts
  Lair:4: 3325 daAuts
  Lair:5: 3301 daAuts
     D:5: 2971 daAuts
  Lair:1: 2541 daAuts
    D:11: 2278 daAuts
    D:13: 2272 daAuts
     D:8: 2268 daAuts
  Lair:3: 2184 daAuts
Spider:4: 2003 daAuts
    D:12: 1935 daAuts
     D:7: 1814 daAuts
     D:9: 1749 daAuts
     D:3: 1735 daAuts
Depths:1: 1690 daAuts
